 Dungeon Crawl Stone Soup version 0.23.2-1-ga50397a (webtiles) character file.

Game seed: 507681131336168695

213246 Decker the Severer (level 18, -8/225 HPs)
             Began as a Demonspawn Berserker on May 27, 2019.
             Was the Champion of Trog.
             Killed from afar by Mara (illusionary) (44 damage)
             ... with a bolt of fire
             ... on level 2 of the Vaults on May 28, 2019.
             The game lasted 01:21:55 (28296 turns).

Decker the Severer (Demonspawn Berserker)          Turns: 28296, Time: 01:21:56

Health: -8/225     AC: 29    Str: 28    XL:     18   Next: 26%
Magic:  23/23      EV: 14    Int:  9    God:    Trog [******]
Gold:   1316       SH: 21    Dex: 13    Spells: 17/17 levels left

rFire    . . .     SeeInvis .   a - +8 broad axe (elec)
rCold    + . .     Gourm    .   o - +0 shield
rNeg     . . .     Faith    .   I - +3 plate armour {rPois}
rPois    +         Spirit   .   (helmet unavailable)
rElec    +         Reflect  .   D - +2 cloak of Xeuph {rCorr}
rCorr    +         Harm     .   B - +2 pair of gloves
MR       ++++.                  L - +2 pair of boots
Stlth    ..........             G - amulet of the Air {Inacc +Fly rElec EV+5 RMsl}
HPRegen  2.47/turn              i - ring of protection from magic
MPRegen  0.18/turn              (no ring)

@: berserking, marked, regenerating, studying Dodging, repel missiles, very
quick
A: horns 3, large bone plates 2, cold resistance 1, demonic guardian 2, dopey 1,
mutation resistance 1, powered by death 3
}: 1/15 runes: gossamer
a: Berserk, Trog's Hand, Brothers in Arms, Renounce Religion, Evoke Flight


You were on level 2 of the Vaults.
You worshipped Trog.
Trog was exalted by your worship.
You were near starving.

You visited 5 branches of the dungeon, and saw 29 of its levels.
You visited 1 bazaar.
You also visited: Sewer and Gauntlet.

You collected 4398 gold pieces.
You spent 3082 gold pieces at shops.

Inventory:

Hand Weapons
 a - a +8 broad axe of electrocution (weapon)
 K - a +3 broad axe of flaming
Missiles
 x - 2 throwing nets
 C - 20 javelins (quivered)
Armour
 o - a +0 shield (worn)
 B - a +2 pair of gloves (worn)
 D - the +2 cloak of Xeuph (worn) {rCorr}
   (You acquired it on level 2 of the Orcish Mines)

   It provides partial protection from all sources of acid and corrosion.
 I - a +3 plate armour of poison resistance (worn)
 L - a +2 pair of boots (worn)
 S - +0 ice dragon scales
 T - a scarf of cloud immunity
Jewellery
 i - a ring of protection from magic (left hand)
 y - an uncursed ring of protection from cold
 G - the amulet of the Air (around neck) {Inacc +Fly rElec EV+5 RMsl}
   (You bought it in a shop in a bazaar)

   [amulet of inaccuracy]

   It reduces the accuracy of all your attacks.
   It affects your evasion (+5).
   It insulates you from electricity.
   It lets you fly.
   It protects you from missiles.
 W - the ring of Etwumuoq {Fire Str+2}
   (You found it in a Gauntlet)

   [ring of fire]

   It enhances your fire magic.
   It affects your strength (+2).
   It protects you from fire.
   It makes you vulnerable to cold.
 X - an uncursed ring of protection from fire
Wands
 b - a wand of enslavement (4)
 f - a wand of iceblast (37)
 g - a wand of paralysis (9)
 F - a wand of acid (33)
 P - a wand of clouds (9)
Scrolls
 e - a scroll of summoning
 m - 2 scrolls of fear
 p - 11 scrolls of remove curse
 q - a scroll of fog
 r - 14 scrolls of teleportation
 H - 4 scrolls of magic mapping
 J - 3 scrolls of silence
Potions
 d - 8 potions of heal wounds
 h - 8 potions of curing
 k - 8 potions of agility
 l - 7 potions of haste
 n - 2 potions of brilliance
 s - 5 potions of flight
 t - 2 potions of magic
 u - 4 potions of might
 v - 3 potions of cancellation
 A - 2 potions of resistance
 E - a potion of lignification
 O - 4 potions of ambrosia
 U - a potion of mutation
 Z - a potion of invisibility {unknown}
Books
 M - a manual of Dodging
Miscellaneous
 j - 3 sacks of spiders
 Q - 2 phantom mirrors
 Y - a lightning rod (4/4)
Comestibles
 c - 54 rations
 z - 23 chunks of flesh


   Skills:
 + Level 15.6 Fighting
   Level 4.7 Short Blades
   Level 0.1(2.8) Long Blades
 - Level 18.0 Axes
 - Level 1.1 Throwing
 * Level 13.2 Armour
 + Level 2.6 Dodging
 - Level 0.9 Stealth
 - Level 15.0 Shields
 * Level 6.8 Evocations


You had 17 spell levels left.
You didn't know any spells.
Your spell library was empty.

Dungeon Overview and Level Annotations

Branches:
Dungeon (15/15)            Temple (0/1) D:6            Lair (6/6) D:8
 Shoals (0/4) Lair:3       Spider (4/4) Lair:4        Slime (0/5) Lair:6
    Orc (2/2) D:9             Elf (0/3) Orc:2        Vaults (2/5) D:14
 Depths (0/5) D:15
  Crypt: Vaults:2-3

Altars:
Cheibriados
Elyvilon
Gozag
Makhleb
Nemelex Xobeh
Okawaru
Qazlal
Trog
Vehumet
The Shining One
Beogh
Jiyva

Shops:
D:5 (   D:7 (*   D:10 *   D:14 *   Orc:1 !   Orc:2 **:(?[:   Vaults:1 !
Vaults:2 [

Annotations:
D:5 2 transporters, Vojta's ghost, novice SpTm
D:7 3 runed translucent doors, exclusion: downstairs, Borgoz's ghost, novice GrGl
Lair:1 1 exclusion
Lair:6 1 runed translucent door
Vaults:2 Mara


Innate Abilities, Weirdness & Mutations

You have a pair of large horns on your head.
You are mostly covered in large bone plates. (SH +6)
Your flesh is cold resistant. (rC+)
A demonic guardian rushes to your aid.
You regenerate a lot of health from kills.
You are dopey. (Int -2)
You are somewhat resistant to further mutation.


Message History

You chop the yaktaur into pieces!!!
You kill the yaktaur!
Trog accepts your kill.
The yaktaur's shape twists and changes as it dies.
You miss Mara. You slash Mara! Lightning courses through Mara!!
You slash Decker's illusion!
Mara hits you with a +3 vampiric demon whip.
* * * LOW HITPOINT WARNING * * *
Mara draws strength from your wounds! Donald hits you but does no damage.
You slice Donald!!
You kill Donald!
Trog accepts your kill.
Trog appreciates your killing of a magic user.
You closely miss Mara. You hit Mara but do no damage.
You closely miss Decker's illusion.
Your smoke demon closely misses Mara.
Your smoke demon hits Mara.
Your smoke demon hits Mara but does no damage.
Mara gestures at you.
The bolt of fire hits Mara.
Mara resists.
The bolt of fire hits you!!!
You die...

..........^...#
#..............#
#..............#
#..............#
#....>.........#
#.....R.p......'
#.....3R@§.....#
#.....)R@).....#
######†########
###...°..##
##..........#
#....####....#
##..### ##..#
#...# ..
'..######### .
'...........


You could see 3 Maras, a death knight, Decker's illusion and a friendly smoke
demon.

Vanquished Creatures
  Saint Roka (Vaults:1)
  Frederick (Vaults:2)
  Donald (Vaults:2)
  A fire giant (D:15)
  A vault warden (Vaults:2)
  2 orc warlords (Orc:1)
  A ghost moth (Spider:2)
  Aizul (Spider:1)
  4 emperor scorpions
  4 ironheart preservers
  3 entropy weavers
  Azrael (D:14)
  A minotaur (Gauntlet)
  6 dire elephants (Lair:6)
  A spark wasp (Spider:3)
  Snorg (D:10)
  3 ettins
  6 ogre magi
  Josephine (D:13)
  2 vault guards (Vaults:2)
  A rakshasa (Vaults:2)
  2 yaktaur captains (Vaults:2)
  6 ice dragons
  3 hydras
  6 centaur warriors
  An anaconda (Lair:6)
  17 two-headed ogres
  A queen ant (Gauntlet)
  A tengu warrior (D:14)
  5 death yaks
  3 orc high priests
  5 deep elf knights
  A glowing orange brain (Vaults:1)
  6 skeletal warriors
  A deep troll (shapeshifter) (D:15)
  4 deep trolls (Vaults:2)
  6 unseen horrors
  A flayed ghost (Vaults:2)
  A deep elf archer (Vaults:1)
  9 orc knights
  21 ugly things
  A necromancer (Vaults:2)
  9 orb spiders
  14 wolf spiders
  10 deep elf magi
  4 ironbrand convokers
  A wolf spider zombie (D:13)
  5 orc sorcerers
  4 cyclopes
  A manticore (D:15)
  An oklob plant (D:11)
  5 moths of wrath
  Joseph (D:7)
  10 elephants
  5 black mambas
  4 vault sentinels
  5 torpor snails
  2 gargoyles
  7 spiny frogs
  2 rime drakes
  A komodo dragon (shapeshifter) (Gauntlet)
  An efreet (D:15)
  11 yaktaurs
  A freezing wraith (Vaults:2)
  5 komodo dragons
  11 demonic crawlers
  A rime drake (shapeshifter) (Vaults:2)
  A yaktaur (shapeshifter) (Vaults:2)
  2 polar bears
  Grinder (D:6)
  25 jumping spiders
  5 hornets
  3 trolls
  2 polar bears (shapeshifter)
  Prince Ribbit (D:5)
  A jumping spider (shapeshifter) (D:15)
  10 tyrant leeches (Spider:2)
  20 blink frogs
  A stone giant simulacrum (Vaults:1)
  2 dream sheep (Lair:5)
  A slime creature (shapeshifter) (D:15)
  A blink frog (shapeshifter) (Gauntlet)
  12 flying skulls (Gauntlet)
  5 slime creatures
  14 hippogriffs
  53 redbacks
  6 wraiths
  A shadow (D:14)
  5 basilisks
  26 tarantellas
  32 yaks
  A wyvern (D:14)
  3 fire elementals (D:14)
  8 vampire mosquitoes
  2 hungry ghosts
  A steam dragon (D:10)
  5 swamp worms (Spider:2)
  3 wargs
  5 hell hounds (D:14)
  9 soldier ants
  14 water moccasins
  17 porcupines
  An acid dragon (Vaults:1)
  43 orc warriors
  4 sky beasts
  4 phantoms
  3 black bears
  2 ice beasts
  2 hornet zombies
  3 eyes of draining
  A human zombie (Vaults:2)
  18 ogres
  8 boggarts
  2 wolves (Lair:4)
  20 centaurs
  11 crocodiles
  A crocodile (shapeshifter) (Vaults:1)
  3 big kobolds
  A wyvern zombie (D:14)
  19 bullfrogs
  A gnoll sergeant (D:10)
  A human simulacrum (Vaults:2)
  2 scorpions
  A wyvern skeleton (D:14)
  8 killer bees
  11 wights
  2 electric eels
  A howler monkey (shapeshifter) (Gauntlet)
  A lava snake (D:9)
  9 centaur zombies
  11 crimson imps
  26 orc priests
  2 jellies
  9 centaur skeletons
  2 hounds
  3 bullfrog skeletons
  4 iguanas
  A hell rat (D:8)
  35 orc wizards
  6 worker ants
  A killer bee zombie (D:10)
  3 mummies (D:13)
  2 hound skeletons
  A worker ant zombie (D:5)
  13 adders
  7 gnolls
  A river rat (D:4)
  5 shadow imps
  A white imp (D:10)
  2 oozes
  An adder zombie (D:9)
  4 worms
  5 leopard geckos
  107 orcs
  4 ball pythons (Sewer)
  8 giant cockroaches
  10 goblins
  4 hobgoblins
  7 jackals
  19 kobolds
  7 quokkas
  9 bats
  5 frilled lizards
  A leopard gecko skeleton (D:6)
  2 quokka skeletons (D:5)
  10 rats
  4 fungi
  5 plants
1093 creatures vanquished.

Vanquished Creatures (collateral kills)
  A ghost moth (Spider:4)
  4 emperor scorpions (Spider:4)
  An ironheart preserver (Vaults:2)
  An entropy weaver (Spider:2)
  A great orb of eyes (Vaults:1)
  A vault guard (Vaults:2)
  A two-headed ogre (D:9)
  An orc high priest (Orc:2)
  4 death yaks (Lair:5)
  A wolf spider zombie (D:13)
  2 wolf spiders (Spider:4)
  A deep elf mage (Vaults:1)
  3 orb spiders
  A cyclops (Orc:1)
  4 elephants
  A spiny frog (Lair:5)
  2 demonic crawlers (Spider:4)
  A troll (Orc:1)
  A tyrant leech (Spider:2)
  3 jumping spiders
  2 blink frogs
  A hippogriff (D:9)
  2 tarantellas (Spider:4)
  A wraith (D:13)
  13 redbacks
  2 yaks (Lair:6)
  A hungry ghost (D:10)
  A water moccasin (D:5)
  5 orc warriors
  A boggart (Vaults:2)
  A bullfrog (D:7)
  A wight (D:9)
  A crimson imp (D:4)
  2 orc priests
  A hound (D:4)
  2 orc wizards
  A worker ant (D:5)
  A gnoll (Orc:1)
  A shadow imp (D:10)
  6 orcs
  3 jackals (D:4)
  4 kobolds
  A quokka (D:6)
89 creatures vanquished.

Vanquished Creatures (others)
  A two-headed ogre (Vaults:2)
  A redback (Spider:4)
  2 orc wizards
  7 fungi (Lair:6)
  9 plants
20 creatures vanquished.

Grand Total: 1202 creatures vanquished

Notes
Turn   | Place    | Note
-------+----------+-------------------------------------------
     0 | D:1      | Decker the Demonspawn Berserker began the quest for the
                  | Orb.
     0 | D:1      | Reached XP level 1. HP: 18/18 MP: 1/1
   100 | D:1      | Reached skill level 3 in Axes
   100 | D:1      | Gained mutation: You have a pair of small horns on your
                  | head. [demonic ancestry]
   100 | D:1      | Reached XP level 2. HP: 24/24 MP: 2/2
   655 | D:1      | Gained mutation: You regenerate a little health from kills.
                  | [demonic ancestry]
   655 | D:1      | Reached XP level 3. HP: 28/29 MP: 3/3
  1045 | D:2      | Found a faded altar of an unknown god.
  1064 | D:2      | Found a white marble altar of Elyvilon.
  1155 | D:2      | Found a glowing golden altar of the Shining One.
  1231 | D:2      | Found an opulent altar of Gozag.
  1940 | D:3      | Reached skill level 1 in Shields
  1940 | D:3      | Gained mutation: You have a pair of horns on your head.
                  | [demonic ancestry]
  1940 | D:3      | Reached XP level 4. HP: 37/37 MP: 4/4
  1964 | D:3      | Reached ** piety under Trog
  2098 | D:3      | Noticed a phantom
  2110 | D:3      | Killed a phantom
  2110 | D:3      | Reached skill level 1 in Short Blades
  2110 | D:3      | Gained mutation: You have a pair of large horns on your
                  | head. [demonic ancestry]
  2110 | D:3      | Reached XP level 5. HP: 30/42 MP: 5/5
  2272 | D:3      | Found a radiant altar of Vehumet.
  2554 | D:3      | Gained mutation: A weak demonic guardian rushes to your
                  | aid. [demonic ancestry]
  2554 | D:3      | Reached XP level 6. HP: 48/48 MP: 6/6
  3439 | D:4      | Found a burning altar of Makhleb.
  3439 | D:4      | Noticed a green death
  3869 | D:4      | Found a glowing drain.
  3873 | Sewer    | Entered a sewer
  3927 | Sewer    | Reached *** piety under Trog
  3974 | Sewer    | Reached XP level 7. HP: 54/54 MP: 7/7
  4300 | D:5      | Entered Level 5 of the Dungeon
  4324 | D:5      | Found a stormy altar of Qazlal.
  4340 | D:5      | Noticed Prince Ribbit
  4347 | D:5      | Killed Prince Ribbit
  4359 | D:5      | Found Yloliwic's Antique Weapon Boutique.
  4417 | D:5      | Reached skill level 5 in Shields
  4417 | D:5      | Reached XP level 8. HP: 48/61 MP: 8/8
  4653 | D:5      | Found a sparkling altar of Nemelex Xobeh.
  4690 | D:5      | Found a transporter.
  4696 | D:5      | Noticed Vojta's ghost (novice SpTm)
  4708 | D:5      | Found a transporter.
  5063 | D:6      | Noticed Grinder
  5088 | D:6      | Killed Grinder
  5424 | D:6      | Found a staircase to the Ecumenical Temple.
  5794 | D:7      | Reached skill level 5 in Armour
  5798 | D:7      | Reached **** piety under Trog
  5837 | D:7      | Found a runed translucent gate.
  5838 | D:7      | Found a runed translucent gate.
  5838 | D:7      | Found a runed translucent gate.
  5838 | D:7      | Noticed Borgoz's ghost (novice GrGl)
  5852 | D:7      | Found Rusaeck's Antique Weapon Boutique.
  5864 | D:7      | Bought a glowing broad axe for 210 gold pieces
  5880 | D:7      | Noticed Joseph
  5890 | D:7      | Killed Joseph
  5890 | D:7      | Reached XP level 9. HP: 67/67 MP: 9/9
  5907 | D:7      | Got a faintly glowing scimitar
  6049 | D:7      | Found Inaano Iliaps's General Store.
  6211 | D:7      | Reached skill level 4 in Axes
  6913 | D:8      | Noticed a death yak
  6914 | D:8      | Found a staircase to the Lair.
  6914 | D:8      | Noticed a death yak
  6915 | D:8      | Noticed a death yak
  7102 | D:8      | Killed a death yak
  7102 | D:8      | Reached skill level 5 in Fighting
  7102 | D:8      | Reached skill level 5 in Axes
  7107 | D:8      | Killed a death yak
  7107 | D:8      | Reached skill level 6 in Axes
  7112 | D:8      | Killed a death yak
  7112 | D:8      | Gained mutation: You regenerate health from kills. [demonic
                  | ancestry]
  7112 | D:8      | Reached XP level 10. HP: 38/74 MP: 10/10
  7352 | D:8      | Found a bloodstained altar of Trog.
  7758 | D:8      | Gained mutation: You passively map a small area around you.
                  | [potion of mutation]
  7758 | D:8      | Gained mutation: Your flesh is cold resistant. (rC+)
                  | [potion of mutation]
  7759 | D:8      | Lost mutation: Your flesh is cold resistant. (rC+) [potion
                  | of mutation]
  7759 | D:8      | Lost mutation: You passively map a small area around you.
                  | [potion of mutation]
  7759 | D:8      | Gained mutation: You are resistant to hostile enchantments.
                  | (MR+) [potion of mutation]
  7759 | D:8      | Gained mutation: You do not regenerate when monsters are
                  | visible. [potion of mutation]
  7759 | D:8      | Gained mutation: Your spells are a little harder to cast,
                  | but a little more powerful. [potion of mutation]
  7760 | D:8      | Lost mutation: You do not regenerate when monsters are
                  | visible. [potion of mutation]
  7760 | D:8      | Lost mutation: You are resistant to hostile enchantments.
                  | (MR+) [potion of mutation]
  7760 | D:8      | Lost mutation: Your spells are a little harder to cast, but
                  | a little more powerful. [potion of mutation]
  7760 | D:8      | Gained mutation: You are frail. (-10% HP) [potion of
                  | mutation]
  7760 | D:8      | Gained mutation: You are dopey. (Int -2) [potion of
                  | mutation]
  7760 | D:8      | Lost mutation: You are frail. (-10% HP) [potion of
                  | mutation]
  7760 | D:8      | Gained mutation: You are somewhat resistant to further
                  | mutation. [potion of mutation]
  7988 | D:9      | Noticed a two-headed ogre
  7994 | D:9      | Killed a two-headed ogre
  7994 | D:9      | Reached skill level 7 in Axes
  8312 | D:9      | Reached skill level 8 in Axes
  8363 | D:9      | Found a staircase to the Orcish Mines.
  8683 | D:10     | Entered Level 10 of the Dungeon
  8739 | D:10     | Reached ***** piety under Trog
  8784 | D:10     | Found Tose's Assorted Antiques.
  8991 | D:10     | Reached skill level 9 in Axes
  8992 | D:10     | Gained mutation: You regenerate a lot of health from kills.
                  | [demonic ancestry]
  8992 | D:10     | Reached XP level 11. HP: 62/81 MP: 11/11
  9042 | D:10     | You fall through a shaft for 2 floors!
  9111 | D:12     | Reached skill level 10 in Axes
  9310 | D:11     | Noticed a seven-headed hydra
  9312 | D:11     | Identified the +8 scimitar "Lifebane" {freeze, rElec MR+
                  | Str-3} (You found it on level 7 of the Dungeon)
  9314 | D:11     | Killed a seven-headed hydra
  9418 | D:11     | Received a gift from Trog
  9495 | D:10     | Reached skill level 11 in Axes
  9594 | D:10     | Killed an unseen horror
 10044 | D:10     | Noticed Snorg
 10054 | D:10     | Killed Snorg
 10054 | D:10     | Gained mutation: You are partially covered in large bone
                  | plates. (SH +4) [demonic ancestry]
 10054 | D:10     | Reached XP level 12. HP: 43/89 MP: 12/12
 10590 | D:11     | Found an iron altar of Okawaru.
 10929 | D:11     | Reached skill level 10 in Shields
 11185 | D:12     | Reached skill level 12 in Axes
 11363 | D:12     | Received a gift from Trog
 11647 | D:13     | Noticed Josephine
 11656 | D:13     | Killed Josephine
 11737 | D:13     | Noticed a centaur warrior
 11745 | D:13     | Killed a centaur warrior
 11749 | D:13     | Reached skill level 13 in Axes
 11946 | D:13     | Reached ****** piety under Trog
 11971 | D:13     | Noticed a centaur warrior
 11980 | D:13     | Killed a centaur warrior
 11984 | D:13     | Gained mutation: You are mostly covered in large bone
                  | plates. (SH +6) [demonic ancestry]
 11984 | D:13     | Reached XP level 13. HP: 78/96 MP: 13/13
 12703 | D:14     | Reached skill level 14 in Axes
 12759 | D:14     | Found a gate to the Vaults.
 12759 | D:14     | Noticed an ironheart preserver
 12762 | D:14     | Received a gift from Trog
 12772 | D:14     | Killed an ironheart preserver
 12833 | D:14     | Noticed Azrael
 12847 | D:14     | Killed Azrael
 13050 | D:14     | Found Qebium's General Store.
 13793 | D:15     | Entered Level 15 of the Dungeon
 13978 | D:15     | Reached skill level 15 in Axes
 14180 | D:15     | Reached XP level 14. HP: 106/106 MP: 14/14
 14206 | D:15     | Noticed a fire giant
 14210 | D:15     | Found a runed translucent door.
 14782 | D:15     | Found a staircase to the Depths.
 14964 | D:15     | Killed a fire giant
 15166 | Lair:1   | Entered Level 1 of the Lair of Beasts
 15427 | Lair:1   | Found a snail-covered altar of Cheibriados.
 15902 | Lair:2   | Reached skill level 16 in Axes
 16559 | Lair:3   | Found a bloodstained altar of Trog.
 16608 | Lair:3   | Found a staircase to the Shoals.
 17432 | Lair:4   | Found a gate leading to a gauntlet.
 17439 | Gauntlet | Entered a Gauntlet
 17439 | Gauntlet | Found a transporter.
 17439 | Gauntlet | Found a transporter.
 17449 | Gauntlet | Found a transporter.
 17452 | Gauntlet | Found a transporter.
 17464 | Gauntlet | Found a transporter.
 17468 | Gauntlet | Found a transporter.
 17471 | Gauntlet | Noticed a balrug
 17472 | Gauntlet | Found a transporter.
 17487 | Gauntlet | Found a transporter.
 17491 | Gauntlet | Found a runed translucent door.
 17505 | Gauntlet | Found a transporter.
 17506 | Gauntlet | Found a transporter.
 17514 | Gauntlet | Found a transporter.
 17518 | Gauntlet | Found a transporter.
 17955 | Gauntlet | Received a gift from Trog
 17987 | Gauntlet | Got a clouded ivory ring
 17992 | Gauntlet | Identified the ring of Etwumuoq {Fire Str+2} (You found it
                  | in a Gauntlet)
 18184 | Lair:4   | Found a hole to the Spider Nest.
 18227 | Lair:4   | Gained mutation: A demonic guardian rushes to your aid.
                  | [demonic ancestry]
 18227 | Lair:4   | Reached XP level 15. HP: 113/113 MP: 15/15
 18678 | Lair:5   | Found the +8 demon blade "Bloodbane" {slice, *Rage +Rage
                  | Stlth-}
 18866 | Lair:5   | Got a crude falchion
 19200 | Lair:5   | You fall through a shaft!
 19200 | Lair:6   | Entered Level 6 of the Lair of Beasts
 19405 | Lair:6   | Reached skill level 17 in Axes
 19880 | Lair:6   | Received a gift from Trog
 20163 | Lair:6   | Found a runed translucent door.
 20163 | Lair:6   | Noticed an acid blob
 20164 | Lair:6   | Found a viscous altar of Jiyva.
 20280 | Lair:6   | Found a staircase to the Slime Pits.
 20385 | Lair:6   | Received a gift from Trog
 20927 | Lair:6   | Got a pitted ring mail
 21027 | Lair:3   | Identified the cursed +1 ring mail "Qujopnor" {+Blink rElec
                  | Dex+2} (You found it on level 6 of the Lair of Beasts)
 21133 | Orc:1    | Entered Level 1 of the Orcish Mines
 21220 | Orc:1    | Noticed an orc warlord
 21222 | Orc:1    | Found Zeluv's Distillery.
 21239 | Orc:1    | Killed an orc warlord
 21326 | Orc:1    | Bought a potion of heal wounds for 55 gold pieces
 21412 | Orc:1    | Found a roughly hewn altar of Beogh.
 21546 | Orc:1    | Noticed an orc warlord
 21560 | Orc:1    | Killed an orc warlord
 21684 | Orc:1    | Found a roughly hewn altar of Beogh.
 21892 | Orc:2    | Entered Level 2 of the Orcish Mines
 21930 | Orc:2    | Found a flickering gateway to a bazaar.
 21937 | Orc:2    | Found Lenwa Doile's Book Emporium.
 21956 | Bazaar   | Entered a bazaar
 21961 | Bazaar   | Found Giyfa's Assorted Antiques.
 21962 | Bazaar   | Found Kuupni's Food Boutique.
 21987 | Bazaar   | Found Zeirah's Jewellery Shoppe.
 21987 | Bazaar   | Found Gin Duyp's Assorted Antiques.
 22004 | Bazaar   | Found Adwebivi's Assorted Antiques.
 22027 | Bazaar   | Found Rajiweaf's Magic Scroll Boutique.
 22049 | Bazaar   | Bought the amulet of the Air {Inacc +Fly rElec EV+5 RMsl}
                  | for 952 gold pieces
 22049 | Bazaar   | Found the amulet of the Air {Inacc +Fly rElec EV+5 RMsl}
 22052 | Bazaar   | Bought a scroll labeled ZYEPSE RYKA for 20 gold pieces
 22059 | Bazaar   | Bought a golden ring for 155 gold pieces
 22081 | Bazaar   | Bought a pearl ring for 75 gold pieces
 22085 | Bazaar   | Bought a wand of clouds (5) for 180 gold pieces
 22291 | Orc:2    | Found Vianwi's Weapon Shop.
 22329 | Orc:2    | Reached skill level 10 in Fighting
 22341 | Orc:2    | Found Pebaahu's Book Emporium.
 22342 | Orc:2    | Received a gift from Trog
 22346 | Orc:2    | Reached XP level 16. HP: 79/122 MP: 16/16
 22347 | Orc:2    | Reached skill level 10 in Armour
 22415 | Orc:2    | Found Nuen's Armour Emporium.
 22423 | Orc:2    | Found Ucsost's Magic Scroll Shop.
 22431 | Orc:2    | Identified 3 scrolls of acquirement
 22469 | Orc:2    | Bought a manual of Fighting for 1435 gold pieces
 22477 | Orc:2    | Got a jewelled cloak
 22488 | Orc:2    | Identified the +2 cloak of Xeuph {rCorr} (You acquired it
                  | on level 2 of the Orcish Mines)
 22539 | Orc:2    | Found a staircase to the Elven Halls.
 22545 | Orc:2    | Found Salappaw's General Store.
 22575 | Orc:2    | Found Ujurr's Assorted Antiques.
 22909 | Spider:1 | Entered Level 1 of the Spider Nest
 23545 | Spider:1 | Noticed Aizul
 23558 | Spider:1 | Killed Aizul
 23558 | Spider:1 | Reached skill level 18 in Axes
 23808 | Spider:2 | Received a gift from Trog
 23836 | Spider:2 | Reached skill level 1 in Evocations
 25289 | Spider:3 | Identified the Almanac of the Traveller
 25429 | Spider:4 | Entered Level 4 of the Spider Nest
 25915 | Spider:4 | Gained mutation: Your flesh is cold resistant. (rC+)
                  | [demonic ancestry]
 25915 | Spider:4 | Reached XP level 17. HP: 133/133 MP: 19/19
 25933 | Spider:4 | Reached skill level 15 in Shields
 25978 | Spider:4 | Received a gift from Trog
 26073 | Spider:4 | Reached skill level 1 in Throwing
 26177 | Spider:4 | Got a gossamer rune of Zot
 26545 | Vaults:1 | Entered Level 1 of the Vaults
 26576 | Vaults:1 | Found Hukoz's Distillery.
 26755 | Vaults:1 | Reached skill level 5 in Evocations
 26803 | Vaults:1 | Received a gift from Trog
 26887 | Vaults:1 | Noticed Saint Roka
 26900 | Vaults:1 | Received a gift from Trog
 26905 | Vaults:1 | Killed Saint Roka
 27566 | Vaults:2 | Found Etusuth's Armour Emporium.
 27877 | Vaults:2 | Reached skill level 15 in Fighting
 27930 | Vaults:2 | Reached XP level 18. HP: 141/149 MP: 22/22
 27931 | Vaults:2 | Received a gift from Trog
 28038 | Vaults:2 | Noticed Frederick
 28058 | Vaults:2 | Killed Frederick
 28243 | Vaults:2 | Noticed Mara
 28245 | Vaults:2 | Noticed Decker's illusion
 28267 | Vaults:2 | Noticed Donald
 28285 | Vaults:2 | Noticed Decker's illusion
 28296 | Vaults:2 | Killed Donald
 28296 | Vaults:2 | Killed from afar by Mara (illusionary)

Skill      XL: |  1  2  3  4  5  6  7  8  9 10 11 12 13 14 15 16 17 18 |
---------------+-------------------------------------------------------+-----
Axes           | 3 6 9 11 13 15 16 17 18 | 18.0
Armour         | 2 3 4 5 6 7 8 9 10 12 13 | 13.2
Shields        | 1 2 3 5 7 8 9 10 11 12 13 14 15 | 15.0
Short Blades   | 1 2 3 4 |  4.7
Fighting       | 4 5 6 7 8 9 10 11 15 | 15.6
Evocations     | 3 6 |  6.8
Throwing       | 1 |  1.1
Dodging        | 2 |  2.6
Long Blades    | |  0.1
Stealth        | |  0.9

Action                   |  1- 3 |  4- 6 |  7- 9 | 10-12 | 13-15 | 16-18 || total
-------------------------+-------+-------+-------+-------+-------+-------++-------
Melee: Hand axe          |    25 |       |       |       |       |       ||    25
       Short sword       |    57 |   201 |   178 |       |       |       ||   436
       Headbutt          |     6 |    21 |    39 |    88 |   191 |   189 ||   534
       Broad axe         |       |       |    53 |   477 |   971 |  1122 ||  2623
Throw: Javelin           |       |       |       |       |       |    10 ||    10
Invok: Berserk           |     2 |     2 |     3 |     4 |    11 |     8 ||    30
       Trog's Hand       |       |     1 |     3 |     4 |     5 |     5 ||    18
       Brothers in Arms  |       |       |       |       |     1 |     3 ||     4
Evoke: Wand              |       |       |       |     2 |       |       ||     2
  Use: Scroll            |       |     8 |     6 |     9 |    16 |     8 ||    47
       Potion            |       |       |       |     3 |     1 |       ||     4
 Stab: Distracted        |       |       |       |     5 |     8 |     3 ||    16
  Eat: Chunk             |     5 |     9 |    12 |    19 |    36 |    21 ||   102
       Ration            |       |       |     1 |     1 |     2 |     3 ||     7
Armor: Animal skin       |     8 |       |       |       |       |       ||     8
       Ring mail         |    20 |    68 |    44 |       |       |       ||   132
       Chain mail        |       |       |    31 |    45 |       |       ||    76
       Plate armour      |       |       |       |   201 |   265 |   464 ||   930
Dodge: Dodged            |    43 |    76 |    74 |    96 |   114 |   410 ||   813
       Deflected         |       |       |       |       |       |    14 ||    14
Block: Shield            |    27 |    78 |    97 |   311 |   640 |   943 ||  2096
       Rpst.: Scimitar   |       |       |       |     1 |       |       ||     1
